 Dungeon Crawl Stone Soup version 0.19-a0-305-g4c536b9 (webtiles) character file.

170 GlassEater the Conjurer (level 5, -1/35 HPs)
             Began as a Human Conjurer on May 27, 2016.
             Slain by an orc
             ... wielding a +0 club
              (2 damage)
             ... on level 2 of the Dungeon.
             The game lasted 00:09:59 (3247 turns).

GlassEater the Conjurer (Human Conjurer)            Turns: 3247, Time: 00:10:00

Health: -1/35      AC:  2    Str:  9    XL:     5   Next: 80%
Magic:  2/9        EV: 13    Int: 16    God:
Gold:   108        SH:  0    Dex: 13    Spells: 2 memorised, 6 levels left

rFire  . . .     SeeInvis .     n - +0 dagger (drain)
rCold  . . .     Gourm    .     a - +0 robe
rNeg   . . .     Faith    .     (no shield)
rPois  .         Spirit   .     (no helmet)
rElec  .         Dismiss  .     (no cloak)
rCorr  .         Reflect  .     (no gloves)
SustAt .         Harm     .     (no boots)
MR     .....                    (no amulet)
Stlth  ++........               (no ring)
                                (no ring)

@: not resistant to hostile enchantments, unstealthy
A: no striking features
a: no special abilities


You were on level 2 of the Dungeon.
You were not hungry.

You visited 1 branch of the dungeon, and saw 3 of its levels.

You collected 108 gold pieces.

Inventory:

Hand Weapons
 n - a +0 dagger of draining (weapon)
Armour
 a - a +0 robe (worn)
Jewellery
 j - an uncursed ring of stealth {unknown}
 l - an uncursed ring of stealth {unknown}
Scrolls
 e - 3 scrolls of random uselessness {unknown}
 h - a scroll of recharging {unknown}
 k - a scroll of enchant armour {unknown}
 p - 3 scrolls of identify {unknown}
Potions
 g - a potion of magic {unknown}
 i - a potion of degeneration {unknown}
 q - 3 potions of curing {unknown}
 s - a potion of ambrosia {unknown}
 t - a potion of beneficial mutation {unknown}
 u - a potion of berserk rage {unknown}
Books
 b - a book of Conjurations

   Spells                             Type                      Level
   a - Magic Dart                     Conjuration                  1
   b - Searing Ray                    Conjuration                  2
   c - Dazzling Spray                 Conjuration/Hexes            3
   d - Fulminant Prism                Conjuration/Hexes            4
   e - Iskenderun's Mystic Blast      Conjuration                  4
   f - Iskenderun's Battlesphere      Conjuration/Charms           5
Comestibles
 c - 2 bread rations
 d - 2 meat rations
 f - a slice of pizza
 o - a beef jerky
 r - 2 fruits


   Skills:
 + Level 0.2 Fighting
 + Level 0.2 Short Blades
 + Level 2.6 Dodging
 + Level 2.7 Stealth
 + Level 2.9 Spellcasting
 + Level 5.5 Conjurations


You had 6 spell levels left.
You knew the following spells:

 Your Spells              Type           Power        Failure   Level  Hunger
a - Magic Dart            Conj           ###.         1%          1    #......
b - Searing Ray           Conj           ###...       3%          2    ##.....


Dungeon Overview and Level Annotations

Branches:
Dungeon (3/15)

Altars:
Gozag
Trog
Xom
Yredelemnul
The Shining One


Message History

The orc shouts!
You closely miss the quokka.
The quokka is almost dead.
The quokka closely misses you.
A rat comes into view.
You hit the quokka.
You kill the quokka!
The orc hits you from afar with a trident!
* * * LOW HITPOINT WARNING * * *
Things that are here:
a short sword; 2 stones The orc hits you from afar with a trident.
* * * LOW HITPOINT WARNING * * *
There is a stone staircase leading up here.
The orc completely misses you. The orc hits you with a club.
* * * LOW HITPOINT WARNING * * *
You climb upwards.
There is a stone staircase leading down here.
The orc hits you with a club.
You die...

####.##.#
#§.§#
#..#.#
#...#
##.#.#
#§.§#
#...###._.#
##...##§.§#
#...######
##..###A##
#o>######
##@# ###
#.# #.# #.#
#.# #.# #.#
#.# #.# #.#
#.# #.# #.#
#.# #.# #.#
#.#


You could see an orc.

Vanquished Creatures
  An orc priest (D:3)
  Jessica (D:2)
  3 adders (D:2)
  An ooze (D:2)
  5 worms (D:2)
  4 dart slugs
  2 giant geckos (D:2)
  2 orcs (D:3)
  A ball python (D:2)
  2 giant cockroaches
  7 goblins
  4 hobgoblins
  4 jackals (D:1)
  6 kobolds
  A quokka (D:3)
  3 bats
  4 giant newts
  9 rats
60 creatures vanquished.

Vanquished Creatures (others)
  A rat (D:2)
1 creature vanquished.

Grand Total: 61 creatures vanquished

Notes
Turn   | Place    | Note
--------------------------------------------------------------
     0 | D:1      | GlassEater the Human Conjurer began the quest for the Orb.
     0 | D:1      | Reached XP level 1. HP: 13/13 MP: 3/3
   255 | D:1      | Reached XP level 2. HP: 19/19 MP: 0/5
   267 | D:1      | Learned a level 2 spell: Searing Ray
  1146 | D:1      | Reached XP level 3. HP: 24/24 MP: 3/6
  1388 | D:2      | Reached skill level 5 in Conjurations
  1576 | D:2      | Reached XP level 4. HP: 26/30 MP: 0/7
  2075 | D:2      | Found an opulent altar of Gozag.
  2167 | D:2      | Noticed Jessica
  2180 | D:2      | Killed Jessica
  2378 | D:2      | Reached XP level 5. HP: 35/35 MP: 7/9
  2401 | D:2      | Found a basalt altar of Yredelemnul.
  2404 | D:2      | Noticed a profane servitor
  2417 | D:2      | Found a glowing golden altar of the Shining One.
  2419 | D:2      | Noticed an angel
  2509 | D:2      | Found a shimmering altar of Xom.
  2541 | D:2      | Noticed a moth of wrath
  2544 | D:2      | Found a bloodstained altar of Trog.
  3241 | D:3      | HP: 1/35 [orc/trident (6)]
  3247 | D:2      | Slain by an orc

Vault maps used:
D:1:      lightli_iron_boxes
D:2:      grunt_temple_overflow_holy_war, tgw_trog, lemuel_doored_altar,
          grunt_gozag_breadcrumbs, uniq_jessica
D:3:      first_bread, kennysheep_okawaru_gauntlet

Skill      XL: |  1  2  3 |
---------------+----------+-----
Conjurations   | 5 |  5.5
Fighting       | |  0.2
Short Blades   | |  0.2
Dodging        | |  2.6
Stealth        | |  2.7
Spellcasting   | |  2.9

Action                   |  1- 3 |  4- 6 || total
-------------------------+-------+-------++-------
Melee: Dagger            |     5 |    25 ||    30
 Cast: Magic Dart        |    42 |    32 ||    74
       Searing Ray       |     4 |     7 ||    11
 Stab: Sleeping          |       |     3 ||     3
  Eat: Chunk             |     3 |     6 ||     9
Armor: Robe              |     1 |     7 ||     8
Dodge: Dodged            |     9 |    15 ||    24
